[Event "Early-Titled-Tuesday-Blitz-June-18-2024"]
[Site "Chess.com"]
[Date "2024.06.18"]
[Round "5"]
[White "salomez"]
[Black "Ati1517"]
[Result "0-1"]
[WhiteElo "2345"]
[BlackElo "2030"]
[TimeControl "180+1"]
[EndTime "8:57:37 PDT"]
[Termination "Ati1517 won on time"]

1. e4 c5 2. Nf3 d6 3. d4 cxd4 4. Nxd4 Nf6 5. Nc3 a6 6. Bc4 e6 7. Bb3 b5 8. O-O Be7 9. Qf3 Qc7 10. Qg3 O-O 11. Bh6 Ne8 12. Rfe1 Bd7 13. Rad1 Nc6 14. Nxc6 Bxc6 15. Kh1 Kh8 16. Bg5 Bxg5 17. Qxg5 Nf6 18.
a3 h6 19. Qf4 Rad8 20. Rd3 Qe7 21. Rh3 e5 22. Qd2 Qb7 23. f3 b4 24. axb4 Qxb4 25. g4 d5 26. g5 dxe4 27. Qf2 Ng4 28. Qg3 exf3 29. Nd5 f2 0-1

[Event "Early-Titled-Tuesday-Blitz-June-18-2024"]
[Site "Chess.com"]
[Date "2024.06.18"]
[Round "5"]
[White "Smiechu"]
[Black "Roland_Garros_2024"]
[Result "1-0"]
[WhiteElo "2356"]
[BlackElo "2225"]
[TimeControl "180+1"]
[EndTime "8:57:38 PDT"]
[Termination "Smiechu won on time"]

1. e4 c5 2. Nf3 d6 3. d4 cxd4 4.
Nxd4 Nf6 5. Nc3 a6 6. Be3 e5 7. Nb3 Be6 8. Qd2 Be7 9. O-O-O Ng4 10. g3 Nxe3 11. Qxe3 Nd7 12. Kb1 Rc8 13. f4 b5 14.
f5 Bc4 15. h4 Nb6 16. g4 Qc7 17. Bxc4 Nxc4 18. Qe1 Na3+ 19. bxa3 Qxc3 20. Qe2 Qc4 21. Rd3 O-O 22. g5 Rfd8 23. f6 Bf8 24. fxg7 Bxg7 25. h5 d5 26. Rhd1 d4 27. R1d2 Qc7 28. Qg4 a5 29. g6 fxg6 30. hxg6 h6 31. Qe6+ Kh8 32. Rh3 a4 33. Rdh2 Qxc2+ 34. Rxc2 Rxc2 35. Kxc2 axb3+ 36. axb3 1-0

[Event "Early-Titled-Tuesday-Blitz-June-18-2024"]
[Site "Chess.com"]
[Date "2024.06.18"]
[Round "5"]
[White "SuperPower2011"]
[Black "Rsnr"]
[Result "0-1"]
[WhiteElo "2718"]
[BlackElo "2911"]
[TimeControl "180+1"]
[EndTime "8:57:39 PDT"]
[Termination "Rsnr won on time"]

1. d4 d5 2. c4 c6 3. cxd5 cxd5 4. Nc3 Nf6 5. Bf4 Qb6 6. e3 Qxb2 7. Bb5+ Bd7 8.
Bxd7+ Nbxd7 9. Nge2 Qa3 10. O-O a6 11. Rb1 b5 12.
Rxb5 axb5 13. Nxb5 Qa5 14. Nc7+ Kd8 15. Nxa8 Qxa8 16.
Qc2 Ne8 17. Nc3 Qc6 18. Rc1 e6 19. Qb2 Bd6 20. Ne4 Qa6 21. Bxd6 Nxd6 22. Nc5 Qb6 23. Qc3 Ke7 24. Nxd7 Kxd7 25. Qd3 g6 26. h4 Rc8 27.
Rb1 Qc6 0-1

[Event "Early-Titled-Tuesday-Blitz-June-18-2024"]
[Site "Chess.com"]
[Date "2024.06.18"]
[Round "5"]
[White "FXDon77"]
[Black "Barmen_EV"]
[Result "1-0"]
[WhiteElo "2879"]
[BlackElo "2537"]
[TimeControl "180+1"]
[EndTime "8:57:39 PDT"]
[Termination "FXDon77 won on time"]

1. e4 e6 2. d3 c5 3. g3 Nc6 4.
Bg2 d6 5. f4 Be7 6. Nf3 Nf6 7.
Be3 O-O 8. h3 b6 9. O-O Bb7 10.
Nbd2 Ne8 11. c3 d5 12. e5 d4 13. cxd4 cxd4 14. Bf2 Rb8 15. Nb3 Nc7 16. Nbxd4 Nxd4 17. Nxd4 Bxg2 18. Kxg2 Rc8 19. Nc6 Qd7 20. Rc1 Nd5 21. Nd4 Bc5 22. Nb3 Bxf2 23. Kxf2 Qa4 24. Rxc8 Rxc8 25.
a3 Nxf4 26. gxf4 Qxf4+ 27. Kg2 Qxe5 28. Rf2 f6 29. d4 Qd5+ 30. Qf3 Qg5+ 31. Qg3 Qd5+ 32.
Kh2 h5 33. Rg2 Rc7 34. Qxc7 g5 35. Nd2 1-0

[Event "Early-Titled-Tuesday-Blitz-June-18-2024"]
[Site "Chess.com"]
[Date "2024.06.18"]
[Round "5"]
[White "Vaathi_Coming"]
[Black "Yeritsyaan"]
[Result "1-0"]
[WhiteElo "2891"]
[BlackElo "2675"]
[TimeControl "180+1"]
[EndTime "8:57:40 PDT"]
[Termination "Vaathi_Coming won by resignation"]

1. c4 Nf6 2. Nc3 g6 3. g3 Bg7 4.
Bg2 O-O 5. Nh3 c6 6. O-O d5 7. cxd5 cxd5 8. d4 Nc6 9. Nf4 e6 10.
e3 b6 11. b3 Ba6 12. Re1 Rc8 13. Ba3 Re8 14. Rc1 Bf8 15. Bxf8 Rxf8 16. h4 Qd6 17. g4 Kg7 18. g5 Ng8 19. Qg4 Nge7 20.
e4 Nxd4 21. exd5 e5 22. Ne4 Rxc1 23. Rxc1 Qa3 24. Rd1 Nef5 25. Nd3 Bxd3 26. Rxd3 Rc8 27. d6 Rc1+ 28. Kh2 Nxd6 29. Qg3 Qa5 30. Nxd6 Qe1 31.
Re3 Qg1+ 32. Kh3 Nf5 33. Qxe5+ Kg8 34. Qe8+ Kg7 35. Qxf7+ 1-0

[Event "Early-Titled-Tuesday-Blitz-June-18-2024"]
[Site "Chess.com"]
[Date "2024.06.18"]
[Round "5"]
[White "Vengea_nce"]
[Black "KuzubovYuriy"]
[Result "0-1"]
[WhiteElo "2656"]
[BlackElo "2873"]
[TimeControl "180+1"]
[EndTime "8:57:40 PDT"]
[Termination "KuzubovYuriy won by resignation"]

1. e4 c5 2. Nf3 Nc6 3. Bb5 d6 4.
O-O Bd7 5. Re1 Nf6 6. Nc3 g6 7.
Bxc6 Bxc6 8. e5 dxe5 9. Nxe5 Rc8 10. d3 Bg7 11. Bg5 O-O 12. Nxc6 Rxc6 13. Qf3 h6 14. Be3 e6 15. Rad1 Qe7 16. Bf4 Nd7 17. Ne2 Nb6 18.
c3 Nd5 19. Bg3 Rd8 20. d4 Rb6 21. dxc5 Rxb2 22. Bd6 Qf6 23. c4 Qxf3 24. gxf3 Nb4 25. Rb1 Nd3 26. Rxb2 Nxb2 27. Rb1 Nxc4 28. Rxb7 Nxd6 29.
cxd6 Rxd6 30. Rxa7 Rd2 31. Kf1 Bf6 32. a4 Ra2 33. a5 g5 34. a6 Kg7 35. Ng3 Bd4 36.
Rd7 Bxf2 37. Rd6 Bxg3 38. hxg3 h5 39. Kg1 Kg6 40. Rc6 Kf5 41. Rc5+ e5 42. Rc7 f6 43. Rc6 h4 44. gxh4 gxh4 45. Kf1 h3 46. Kg1 Ra3 47. Kf2 h2 48. Kg2 Rxf3 49. Kxh2 Ra3 50. Kg2 e4 51. Kf2 Ke5 52. Ke2 f5 53. Kf2 Kf4 54. Ke2 Ra2+ 55.
Ke1 Kf3 0-1

[Event "Early-Titled-Tuesday-Blitz-June-18-2024"]
[Site "Chess.com"]
[Date "2024.06.18"]
[Round "5"]
[White "jcibarra"]
[Black "ViIIagra"]
[Result "1-0"]
[WhiteElo "3017"]
[BlackElo "2897"]
[TimeControl "180+1"]
[EndTime "8:57:41 PDT"]
[Termination "jcibarra won by resignation"]

1. e4 d6 2. d4 Nf6 3. Nc3 e5 4. Nf3 Nbd7 5. Bc4 h6 6. a4 Be7 7. O-O O-O 8. Re1 c6 9. Ba2 Re8 10. h3 Bf8 11. Be3 Qc7 12. Qd3 exd4 13. Bxd4 Ne5 14.
Qe3 Nfd7 15. Rad1 b6 16. Nd2 Bb7 17. f4 Ng6 18. Qg3 Nh8 19. Nc4 Nc5 20. f5 Rad8 21. Ne3 Nd7 22. Ng4 Kh7 23. Rd3 Ne5 24. Nxe5 dxe5 25.
Bxe5 Rxd3 26. Bxc7 Rxg3 27. Bxg3 g6 28. Rd1 gxf5 29. exf5 Bc8 30. Rf1 Bc5+ 31. Bf2 Bb4 32. Bd4 Bc5 33. Bxc5 bxc5 34. Bc4 Kg7 35. f6+ Kg6 36.
Bd3+ Kg5 37. Ne4+ Kh4 38. Rf4+ 1-0

[Event "Early-Titled-Tuesday-Blitz-June-18-2024"]
[Site "Chess.com"]
[Date "2024.06.18"]
[Round "5"]
[White "Chessbard1972"]
[Black "NovoselovRoman"]
[Result "0-1"]
[WhiteElo "2238"]
[BlackElo "2552"]
[TimeControl "180+1"]
[EndTime "8:57:41 PDT"]
[Termination "NovoselovRoman won by checkmate"]

1. d4 d5 2. c4 e6 3. Nc3 Nf6 4. Bg5 Be7 5. e3 Nbd7 6. cxd5 exd5 7. Qc2 c6 8. Bd3 O-O 9. Nge2 Re8 10. f3 Nf8 11.
Bh4 N6d7 12. Bf2 Nb6 13. O-O c5 14. Ng3 cxd4 15. exd4 Bf6 16. Rfe1 Be6 17. Bb5 Re7 18. Nf5 Rc7 19. Bd3 Nc4 20. Qe2 Rac8 21. Nb5 Rd7 22. Nxa7 Ra8 23. Nb5 Ng6 24. g3 Ne7 25. Nxe7+ Rxe7 26.
Qc2 h5 27. b3 Nd6 28. Nxd6 Qxd6 29. Rad1 h4 30. Kg2 Qb4 31. Re2 Kf8 32. Bf5 Bxf5 33.
Qxf5 Rxe2 34. Qh7 g6 35. Qh6+ Bg7 36. Qxh4 Kg8 37. Qg5 Raxa2 38. Rf1 Qxd4 39. Qd8+ Bf8 40. Qg5 Rxf2+ 41. Rxf2 Qxf2+ 42. Kh3 Qxf3 43. b4 Qg2+ 44.
Kh4 Re2 45. h3 Re4+ 46. g4 Qf2# 0-1

[Event "Early-Titled-Tuesday-Blitz-June-18-2024"]
[Site "Chess.com"]
[Date "2024.06.18"]
[Round "5"]
[White "SuperGPatzer"]
[Black "ejalmedina"]
[Result "0-1"]
[WhiteElo "2086"]
[BlackElo "2304"]
[TimeControl "180+1"]
[EndTime "8:57:42 PDT"]
[Termination "ejalmedina won on time"]

1. g4 d5 2. h3 c6 3. d4 h5 4. g5 Bf5 5. Nc3 e6 6. Bg2 Nd7 7. e4 Bg6 8. Nge2 Ne7 9. Nf4 dxe4 10. Nxe4 Bxe4 11. Bxe4 g6 12. Be3 Bg7 13. O-O Nb6 14.
h4 Nbd5 15. Nxd5 cxd5 16. Bd3 O-O 17. c3 Rb8 18. a4 a6 19. Qb3 Nc6 20. Qa3 Qc7 21. b4 Ne7 22. b5 a5 23. Rfc1 b6 24. Kg2 Rfd8 25. Kf3 Rbc8 26. Bf4 Qd7 27. Rc2 Bf8 28.
Qb3 Nf5 29. Bxf5 exf5 30. Re1 Rc4 31. Re5 Rdc8 32. Bd2 f4 33. Bxf4 Qg4+ 34. Ke3 Bd6 35. Re8+ Rxe8+ 36. Kd2 Bxf4+ 0-1

[Event "Early-Titled-Tuesday-Blitz-June-18-2024"]
[Site "Chess.com"]
[Date "2024.06.18"]
[Round "5"]
[White "Arteler"]
[Black "PattyCastillo"]
[Result "1-0"]
[WhiteElo "2203"]
[BlackElo "1895"]
[TimeControl "180+1"]
[EndTime "8:57:43 PDT"]
[Termination "Arteler won by resignation"]

1. e4 c5 2. Nf3 d6 3. d3 Nf6 4. Nc3 Nc6 5. d4 cxd4 6. Nxd4 e6 7.
Be3 a6 8. Be2 Be7 9. O-O O-O 10.
Kh1 Qc7 11. f4 b5 12. a3 Bb7 13.
Bf3 Rac8 14. Qd2 Rfd8 15. Rae1 Na5 16. Ndxb5 axb5 17. Nxb5 Nc4 18. Nxc7 Nxd2 19. Bxd2 Rxc7 20. Ba5 Rdc8 21. Bxc7 Rxc7 22. c3 h6 23. Rf2 d5 24.
exd5 Bxd5 25. Bxd5 Nxd5 26. f5 Bh4 27. g3 Bg5 28. fxe6 fxe6 29. Rxe6 Rb7 30. h4 Bf6 31. c4 Nb6 32. c5 Na4 33. b4 Nc3 34. c6 Rc7 35.
Rc2 Nb5 36. Re3 Nd4 37. Rc4 Nxc6 38. b5 Re7 39. bxc6 Rxe3 40. c7 1-0

[Event "Early-Titled-Tuesday-Blitz-June-18-2024"]
[Site "Chess.com"]
[Date "2024.06.18"]
[Round "5"]
[White "AttilaTurzo"]
[Black "Kors67"]
[Result "1-0"]
[WhiteElo "2429"]
[BlackElo "2284"]
[TimeControl "180+1"]
[EndTime "8:57:44 PDT"]
[Termination "AttilaTurzo won on time"]

1. d4 Nf6 2. c4 c5 3. d5 b5 4. cxb5 a6 5. bxa6 g6 6. Nc3 Bxa6 7. e4 Bxf1 8. Kxf1 d6 9. g3 Bg7 10. Kg2 O-O 11. Nf3 Nbd7 12. Re1 Qb6 13. a4 Rfb8 14.
Ra3 Ne8 15. Nd2 Qb4 16. Na2 Qd4 17. b3 Ne5 18. Nf3 Nxf3 19. Kxf3 Qa1 20. Kg2 Bb2 21. Bxb2 Qxb2 22. Qc1 Rxb3 23. Qxb2 Rxb2 24. Nc3 Ra5 25. e5 Kf8 26. exd6 Nxd6 27. Rb1 Rxb1 28. Nxb1 c4 29.
Nc3 Nf5 30. Kf3 Nd4+ 31. Ke4 Nc2 32. Ra2 Nb4 33. Rb2 Nd3 34. Rb8+ Kg7 35. f4 h5 36.
Kd4 Nc5 37. Rb5 1-0

[Event "Early-Titled-Tuesday-Blitz-June-18-2024"]
[Site "Chess.com"]
[Date "2024.06.18"]
[Round "5"]
[White "MagnusCarlsen"]
[Black "vladislavkovalev"]
[Result "1-0"]
[WhiteElo "3184"]
[BlackElo "2844"]
[TimeControl "180+1"]
[EndTime "8:57:45 PDT"]
[Termination "MagnusCarlsen won on time"]

1. e4 e5 2. Nf3 Nc6 3. Bb5 a6 4. Ba4 Nf6 5. O-O Be7 6. Re1 b5 7. Bb3 d6 8. a4 Rb8 9. axb5 axb5 10. h3 O-O 11. c3 Be6 12. Bxe6 fxe6 13. d4 Qe8 14.
dxe5 Nxe5 15. Nxe5 dxe5 16. Nd2 Qc6 17. Qe2 Ra8 18.
Rxa8 Rxa8 19. Nf3 Bd6 20. Bg5 Nd7 21. Qc2 h6 22. Be3 Ra4 23. Nd2 Nc5 24. Bxc5 Bxc5 25. Nf3 Bd6 26. g3 Kf7 27. Kg2 b4 28.
b3 Ra3 29. c4 Qc5 30. Re3 Qa7 31. Re2 Kf6 32. Nh2 Qd4 33. Re3 Ra1 34. Rd3 Qa7 35. Qe2 Ra2 36. Rd2 Rxd2 37. Qxd2 Qa3 38. Qc2 Qa1 39. c5 1-0

[Event "Early-Titled-Tuesday-Blitz-June-18-2024"]
[Site "Chess.com"]
[Date "2024.06.18"]
[Round "5"]
[White "Attacker_2006"]
[Black "Forge13"]
[Result "1-0"]
[WhiteElo "2490"]
[BlackElo "2683"]
[TimeControl "180+1"]
[EndTime "8:57:45 PDT"]
[Termination "Attacker_2006 won by resignation"]

1. d4 Nf6 2. Nf3 d6 3. Bf4 g6 4. Qd2 b6 5. Nc3 Bb7 6. O-O-O Nbd7 7. h4 c5 8. dxc5 Nxc5 9. Kb1 Bg7 10. h5 Nxh5 11. Bh6 Bxh6 12. Qxh6 Qd7 13. g4 Nf6 14. g5 Nh5 15. Bh3 e6 16. Bg4 Nf4 17. Qg7 O-O-O 18.
Rxh7 Rxh7 19. Qxh7 Ne4 20. Nxe4 Bxe4 21. Ne5 Qc7 22. Nd3 Kb8 23. Qh2 Nxd3 24. exd3 Bf5 25. Bxf5 gxf5 26. Qh7 Rd7 27. Qh8+ Kb7 28. Qf6 Qd8 29. Qh6 Qg8 30. Rh1 f4 31. Qf6 e5 32.
Rh8 Qg6 33. Qxg6 fxg6 34. Rg8 Rh7 35. b4 a6 36. Rxg6 Rh1+ 37. Kb2 Kc6 38. Rg8 Rf1 39. g6 Rg1 40. g7 Kb7 41. f3 b5 42. c4 Rg3 43.
Kc3 Rg2 44. a3 Rg3 45. c5 d5 46. c6+ Kc7 47. Ra8 1-0

[Event "Early-Titled-Tuesday-Blitz-June-18-2024"]
[Site "Chess.com"]
[Date "2024.06.18"]
[Round "5"]
[White "nitpicker"]
[Black "KevinGeorgeMicheal"]
[Result "1-0"]
[WhiteElo "2336"]
[BlackElo "2479"]
[TimeControl "180+1"]
[EndTime "8:57:45 PDT"]
[Termination "nitpicker won on time"]

1. d4 Nf6 2. c4 e6 3. g3 d5 4.
Nf3 Bb4+ 5. Bd2 Be7 6. Qc2 O-O 7. Bg2 c6 8. O-O Nbd7 9. Rd1 b6 10. b3 Ba6 11. Bf4 Nh5 12. Ne5 Nxe5 13. dxe5 Nxf4 14. gxf4 Bc5 15. Qc3 Qe7 16. a3 dxc4 17. b4 Rad8 18.
Rd2 Qh4 19. bxc5 Qxf4 20. Bxc6 Rc8 21. e3 Qg4+ 22. Bg2 Bb7 23. e4 Rxc5 24. Qg3 Qh5 25. f4 Rfc8 26. Nc3 Kh8 27. Rad1 g6 28. Rd8+ Rxd8 29.
Rxd8+ Kg7 30. h4 1-0

[Event "Early-Titled-Tuesday-Blitz-June-18-2024"]
[Site "Chess.com"]
[Date "2024.06.18"]
[Round "5"]
[White "laskakid"]
[Black "BM223344"]
[Result "1-0"]
[WhiteElo "2396"]
[BlackElo "2574"]
[TimeControl "180+1"]
[EndTime "8:57:47 PDT"]
[Termination "laskakid won by checkmate"]

1. Nf3 Nf6 2. b3 g6 3. Bb2 Bg7 4. g3 d6 5. d4 O-O 6. Bg2 c5 7. c4 a5 8. O-O Bf5 9. Nc3 Nc6 10. d5 Nb4 11. a3 Na6 12. Nd2 Qd7 13. e4 Bh3 14. Qe2 Rae8 15. Rad1 e6 16. Bxh3 Qe7 17.
dxe6 fxe6 18. Nf3 Nh5 19. Kg2 Nb8 20. Nb5 Bxb2 21. Qxb2 Rd8 22. e5 d5 23. Nd6 d4 24. Qe2 Nc6 25. Qe4 Ng7 26. Bg4 Nf5 27.
Bxf5 exf5 28. Qf4 Kg7 29. h4 h6 30. Rfe1 Qe6 31. Nxb7 Rb8 32. Nxc5 Qe7 33. Nxd4 Nxd4 34.
Qxd4 Rfd8 35. e6+ Rxd4 36. Rxd4 Kg8 37. Nd3 Qb7+ 38. Kg1 Qxb3 39. e7 Re8 40. Rd8 Kf7 41. Ne5+ Kxe7 42. Nc6+ Kf7 43. Rdxe8 Qxa3 44. R1e7+ Qxe7 45. Rxe7+ Kf6 46. Ra7 a4 47. Rxa4 g5 48. Nb4 gxh4 49. c5 hxg3 50. fxg3 Ke5 51. c6 Kd6 52. Ra7 Kc5 53. c7 Kb6 54. c8=Q Kxa7 55. Qc6 f4 56. Nd3 fxg3 57. Nc5 g2 58. Qb7# 1-0

[Event "Early-Titled-Tuesday-Blitz-June-18-2024"]
[Site "Chess.com"]
[Date "2024.06.18"]
[Round "5"]
[White "Defenstrator"]
[Black "GAusal"]
[Result "0-1"]
[WhiteElo "2379"]
[BlackElo "2204"]
[TimeControl "180+1"]
[EndTime "8:57:48 PDT"]
[Termination "GAusal won by resignation"]

1. e4 c5 2. Ne2 e6 3. f4 Nc6 4. c3 g6 5. d4 cxd4 6. cxd4 d5 7.
e5 h5 8. g3 Nge7 9. Nbc3 Nf5 10. Bg2 Qb6 11. Na4 Qa5+ 12. Kf2 Be7 13. h3 O-O 14. g4 b5 15. Nac3 Bh4+ 16. Kg1 Ng3 17. Nxg3 Bxg3 18. gxh5 b4 19. Nb1 Qb6 20. Be3 g5 21.
Qg4 Bxf4 22. Bf2 Kh7 23. h4 f5 24. exf6 e5 25. Qe2 Nxd4 26. Qd1 Qxf6 27. hxg5 Qxg5 28. Bxd4 exd4 29. Nd2 Be3+ 30. Kh2 Qh4+ 0-1

[Event "Early-Titled-Tuesday-Blitz-June-18-2024"]
[Site "Chess.com"]
[Date "2024.06.18"]
[Round "5"]
[White "AustinThomas12345"]
[Black "Goryachkina"]
[Result "0-1"]
[WhiteElo "2483"]
[BlackElo "2672"]
[TimeControl "180+1"]
[EndTime "8:57:49 PDT"]
[Termination "Goryachkina won by resignation"]

1. e4 c5 2. Nf3 Nc6 3. d4 cxd4 4. Nxd4 e6 5. Nc3 Qc7 6. f4 a6 7. Nf3 Bc5 8. Bd3 d6 9. Qe2 b5 10. Be3 Bxe3 11. Qxe3 b4 12. Ne2 Bb7 13. O-O Nf6 14. Nfd4 Nxd4 15. Qxd4 Qc5 16. e5 Qxd4+ 17. Nxd4 dxe5 18.
fxe5 Nd7 19. Rae1 O-O 20. Nb3 a5 21. Be4 Bxe4 22. Rxe4 Rfc8 23. Nd4 Rc5 24. Rfe1 h6 25. R1e2 Rac8 26. Kf2 Rd5 27. Nf3 Rdc5 28. Rd4 Nb6 29. Ne1 Nc4 30. Nd3 R5c7 31. h3 Nb6 32. Ne1 Nd5 33.
Nd3 Rxc2 34. Ne1 Rc1 35. Nd3 Rd1 36. Nf4 Rxd4 0-1

[Event "Early-Titled-Tuesday-Blitz-June-18-2024"]
[Site "Chess.com"]
[Date "2024.06.18"]
[Round "5"]
[White "esskeettit"]
[Black "Kostukov_Alex"]
[Result "1-0"]
[WhiteElo "2508"]
[BlackElo "2310"]
[TimeControl "180+1"]
[EndTime "8:57:49 PDT"]
[Termination "esskeettit won on time"]

1. d4 g6 2. c4 Bg7 3. e4 d6 4. Nc3 e5 5. d5 f5 6. exf5 gxf5 7.
Qh5+ Kf8 8. Bd3 Nf6 9. Qe2 Na6 10. Be3 f4 11. Bd2 Nc5 12. Bc2 a5 13. g3 Kf7 14.
O-O-O Re8 15. f3 Bd7 16. Qf1 Bh6 17. Nge2 Nh5 18. gxf4 Nxf4 19. Nxf4 exf4 20. Bxh7 Qf6 21. Bc2 Bf5 22. Bxf5 Qxf5 23. Be1 Rxe1 24. Qxe1 Re8 25.
Qd2 Re3 26. Qc2 Nd3+ 27. Kb1 Rxf3 28. Nb5 Rf2 29. Qxd3 Qxd3+ 30. Rxd3 Bg7 31. Nd4 1-0

[Event "Early-Titled-Tuesday-Blitz-June-18-2024"]
[Site "Chess.com"]
[Date "2024.06.18"]
[Round "5"]
[White "Alex_Sahakyan2006"]
[Black "annazero"]
[Result "0-1"]
[WhiteElo "2749"]
[BlackElo "2537"]
[TimeControl "180+1"]
[EndTime "8:57:50 PDT"]
[Termination "annazero won by checkmate"]

1. e4 g6 2. d4 Bg7 3. Nf3 d6 4. Bc4 Nf6 5. Qe2 O-O 6. O-O c6 7. e5 dxe5 8. dxe5 Nd5 9. h3 Nb6 10. Bb3 a5 11. a4 e6 12. Bg5 Qc7 13. Nc3 N8d7 14. Ne4 Nd5 15. c4 Nb4 16. Nf6+ Nxf6 17. Bxf6 c5 18. Qe3 b6 19. Rad1 Bb7 20. h4 h5 21. Qf4 Bxf6 22. Qxf6 Bxf3 23. gxf3 Nc6 24.
Rd6 Nd4 25. Rd1 Nxb3 26. Rd7 Qc8 27. R1d6 Nd4 28. Kg2 Nf5 29. Rd1 Qa6 30. b3 Qc8 31.
Kh3 Nd4 32. Rd6 Qb7 33. Kg3 Nf5+ 34. Kf4 Nxd6 35. Rxd6 Ra7 36. Kg5 Qe7 37. Kh6 Qxf6 38. exf6 Rb7 39. f4 Re8 40. Rd3 Rbb8 41. Rd6 Red8 42.
Rc6 Rd4 43. f5 exf5 44. f4 Rxf4 45. b4 axb4 46. a5 bxa5 47. Rc8+ Rxc8 48. Kg5 Rg4+ 49. Kh6 Rxh4 50. Kg5 Re4 51. Kh6 h4 52. Kg5 h3 53. Kh6 h2 54. Kg5 Rg4+ 55. Kh6 h1=Q# 0-1

[Event "Early-Titled-Tuesday-Blitz-June-18-2024"]
[Site "Chess.com"]
[Date "2024.06.18"]
[Round "5"]
[White "axvesik"]
[Black "Gumugama"]
[Result "1-0"]
[WhiteElo "2558"]
[BlackElo "2274"]
[TimeControl "180+1"]
[EndTime "8:57:51 PDT"]
[Termination "axvesik won by resignation"]

1. e4 c5 2. Nf3 d6 3. d4 cxd4 4. Nxd4 e5 5. Bb5+ Nd7 6. Nf5 a6 7. Ba4 b5 8. Bb3 Nb6 9. Ne3 Nf6 10. O-O Bb7 11. f3 Be7 12. Nc3 O-O 13. a4 b4 14.
Ncd5 Nbxd5 15. Nxd5 Nxd5 16. Bxd5 Bxd5 17. Qxd5 Rc8 18. Rf2 Rc5 19. Qd3 Qc7 20. Be3 Rc4 21. Rd2 Rc8 22. g3 Rxc2 23. Qxa6 Rxd2 24. Bxd2 Qc5+ 25. Kf1 Rb8 26. Qd3 Qa5 27. b3 g6 28.
Rc1 Rd8 29. Qd5 Qa6+ 30. Qc4 Qb7 31. Qxb4 Qa6+ 32. Qc4 Qb7 33. a5 Qd7 34. a6 Qh3+ 35. Kg1 d5 36. exd5 Ra8 37. b4 Bd8 38. Be3 e4 39.
fxe4 Qg4 40. b5 Qf3 41. Bf2 Bg5 42. Rc3 Qd1+ 43. Kg2 1-0

[Event "Early-Titled-Tuesday-Blitz-June-18-2024"]
[Site "Chess.com"]
[Date "2024.06.18"]
[Round "5"]
[White "simplerXiao"]
[Black "LuisFSiles"]
[Result "1-0"]
[WhiteElo "2531"]
[BlackElo "2335"]
[TimeControl "180+1"]
[EndTime "8:57:51 PDT"]
[Termination "simplerXiao won on time"]

1. d4 Nf6 2. Bg5 Ne4 3. h4 h6 4. Bf4 d5 5. Nd2 Nxd2 6. Qxd2 Bf5 7. e3 e6 8. Ne2 Bd6 9. Ng3 Bh7 10. Nh5 O-O 11. Bd3 Bxd3 12. Qxd3 Bxf4 13. Nxf4 c5 14.
O-O-O Qa5 15. Kb1 Nc6 16. dxc5 Qxc5 17. g4 Ne5 18. Qe2 g6 19. h5 g5 20. Nd3 Qb5 21.
Qd2 Nxd3 22. cxd3 f5 23. f4 gxf4 24. exf4 fxg4 25. Rhg1 Kh7 26. Rxg4 Rg8 27. Rdg1 Rxg4 28. Rxg4 Rg8 29. Rxg8 Kxg8 30. Qg2+ Kf8 31. Qg6 Ke7 32. f5 Qxd3+ 33. Kc1 Qxf5 34. Qg7+ Kd6 35. Qxh6 d4 36. Kd2 Qf2+ 37. Kd3 Kd5 38. Qg5+ e5 39. Qd8+ Ke6 40. Qe8+ Kd6 41. Qb8+ Ke6 42. Qg8+ Kd6 43. Qg6+ Kd5 44. Qe4+ Kd6 45. h6 Qf1+ 46. Kc2 1-0

[Event "Early-Titled-Tuesday-Blitz-June-18-2024"]
[Site "Chess.com"]
[Date "2024.06.18"]
[Round "5"]
[White "cthake"]
[Black "tarno17"]
[Result "1/2-1/2"]
[WhiteElo "1818"]
[BlackElo "2182"]
[TimeControl "180+1"]
[EndTime "8:57:51 PDT"]
[Termination "Game drawn by repetition"]

1. e4 c5 2. Nf3 e6 3. c4 a6 4. Nc3 Qc7 5. d4 cxd4 6. Nxd4 Nf6 7. Be3 Bb4 8. f3 Nc6 9. Nxc6 dxc6 10. Bd3 e5 11.
O-O O-O 12. Qb3 Bxc3 13. Qxc3 c5 14. Bg5 Nh5 15. Be2 Be6 16. Rfd1 f6 17. Be3 Rfd8 18. Qc2 Nf4 19. Bxf4 exf4 20. Rxd8+ Rxd8 21. Rd1 Kf7 22. Kf2 Rxd1 23. Qxd1 f5 24. Qd3 fxe4 25. Qxe4 g6 26. g3 fxg3+ 27. hxg3 Qd7 28. Qf4+ Kg7 29. Qe5+ Kf7 30.
Qf4+ Kg8 31. Qb8+ Qc8 32. Qe5 Kf7 33. Bd3 Qd7 34. Qf4+ Kg7 35. Qe5+ Kg8 36. Qb8+ Kf7 37.
Qf4+ Ke8 38. Qb8+ Ke7 39. Ke2 Qd4 40. Qxb7+ Kf6 41. Qb3 Qe5+ 42. Kf2 Qd4+ 43. Ke2 Qe5+ 44.
Kf2 Qd4+ 45. Ke2 1/2-1/2

[Event "Early-Titled-Tuesday-Blitz-June-18-2024"]
[Site "Chess.com"]
[Date "2024.06.18"]
[Round "5"]
[White "Gareth-Bale11"]
[Black "Andrei_Skvortsov"]
[Result "1-0"]
[WhiteElo "2946"]
[BlackElo "2784"]
[TimeControl "180+1"]
[EndTime "8:57:52 PDT"]
[Termination "Gareth-Bale11 won by resignation"]

1. e4 d5 2. exd5 Qxd5 3. Nc3 Qe5+ 4. Be2 Bg4 5. d4 Bxe2 6. Ngxe2 Qa5 7. O-O Nf6 8. b4 Qxb4 9. Rb1 Qc4 10. Rxb7 e6 11. Bf4 Na6 12. Qd2 Bb4 13. Qd3 Qxd3 14. cxd3 Kd7 15.
Rb1 Rhb8 16. Rxb8 Rxb8 17. Ne4 Nd5 18. g4 Rb6 19. Rc1 Nxf4 20. Nxf4 Be7 21. g5 Rb5 22. h4 h6 23. g6 f5 24. Ng3 Bxh4 25. Ngh5 Bg5 26. Re1 Rb6 27. Nh3 e5 28. dxe5 Bd2 29.
Rd1 Rxg6+ 30. Kf1 Bc3 31. d4 Rb6 32. Nxg7 Nb4 33. Nf4 Rb8 34. e6+ Kd6 35. Nxf5+ Kc6 36. d5+ Kc5 37. e7 Re8 38. Ne6+ Kc4 39. Nxc7 Rc8 40.
Nd6+ 1-0

[Event "Early-Titled-Tuesday-Blitz-June-18-2024"]
[Site "Chess.com"]
[Date "2024.06.18"]
[Round "5"]
[White "FollowRivers"]
[Black "AndrewMaco"]
[Result "0-1"]
[WhiteElo "2501"]
[BlackElo "2693"]
[TimeControl "180+1"]
[EndTime "8:57:52 PDT"]
[Termination "AndrewMaco won by checkmate"]

1. e4 c6 2. d4 d5 3. exd5 cxd5 4.
c4 Nf6 5. Nc3 g6 6. Nf3 Bg7 7.
cxd5 Nxd5 8. Bc4 Nxc3 9. bxc3 O-O 10. O-O Nc6 11. h3 b6 12. Be3 Bb7 13. Qd2 Rc8 14.
Bb5 Na5 15. Ne1 Nc4 16. Bxc4 Rxc4 17. Nd3 Qc7 18. Rac1 Rc8 19. Qe2 Qc6 20. Nf4 e5 21. dxe5 Rxf4 22. f3 Rc4 23. Bd4 Re8 24. Rfe1 Bc8 25.
Qf2 Be6 26. Qe3 Bf8 27. Qf2 Bc5 28. Qe3 Rd8 29. Rcd1 Bxd4 30. cxd4 Qa4 31. Qg5 Rcxd4 32. Qxd8+ Rxd8 33. Rxd8+ Kg7 34. Rd2 b5 35. Ree2 b4 36.
Rf2 h5 37. Rb2 h4 38. Rbc2 Qa3 39. Rb2 a5 40. Rbe2 a4 41. Kh2 b3 42. Re3 Qc5 43. Ree2 bxa2 44. Rf1 Bc4 45. Rc2 Bxf1 46. Rxc5 a1=Q 47.
Rc7 Qxe5+ 48. f4 Qxf4+ 49. g3 Qxg3+ 50. Kh1 Qg2# 0-1

[Event "Early-Titled-Tuesday-Blitz-June-18-2024"]
[Site "Chess.com"]
[Date "2024.06.18"]
[Round "5"]
[White "baki83"]
[Black "Patricius007"]
[Result "0-1"]
[WhiteElo "2805"]
[BlackElo "2550"]
[TimeControl "180+1"]
[EndTime "8:57:53 PDT"]
[Termination "Patricius007 won by checkmate"]

1. e4 d6 2. d4 Nf6 3. Nc3 e5 4.
Nf3 Nbd7 5. Rg1 c6 6. g4 h6 7.
g5 hxg5 8. Bxg5 Be7 9. Qd2 Qc7 10. h4 b5 11. a3 Bb7 12. d5 cxd5 13. Nxb5 Qb6 14.
exd5 Bxd5 15. Be2 Rc8 16. Be3 Qb7 17. Ng5 a6 18. Nc3 Qxb2 19. Nxd5 Qxa1+ 20. Bd1 Qxa3 21. h5 Nxd5 22. Qxd5 Qc3+ 23. Bd2 Qc4 24. Qb7 Qc6 25. Qb3 Bxg5 26. Rxg5 g6 27. hxg6 Rh1+ 28. Ke2 Qe4+ 29. Be3 fxg6 30. Qe6+ Kd8 31. Rxg6 Rxc2+ 32. Bxc2 Qxc2+ 33. Kf3 Qd1+ 34. Ke4 Rh4+ 35. Kf5 Qf3+ 36. Kg5 Qh5# 0-1

[Event "Early-Titled-Tuesday-Blitz-June-18-2024"]
[Site "Chess.com"]
[Date "2024.06.18"]
[Round "5"]
[White "LeoLV10"]
[Black "Sprinc1"]
[Result "1-0"]
[WhiteElo "2550"]
[BlackElo "2234"]
[TimeControl "180+1"]
[EndTime "8:57:53 PDT"]
[Termination "LeoLV10 won by resignation"]

1. e4 d5 2. exd5 Qxd5 3. Nc3 Qd6 4. d4 Nf6 5. Nf3 c6 6. Bc4 Bg4 7. Be3 Nbd7 8. h3 Bxf3 9. Qxf3 e6 10. O-O Be7 11. Bb3 O-O 12. Rad1 a5 13. Bf4 Qb4 14. a3 Qb6 15. Na4 Qa6 16. Nc3 b5 17. Ne2 a4 18. Ba2 Nb6 19. Ng3 Nbd5 20. Bc1 b4 21. axb4 Nxb4 22. Bb1 c5 23. c3 Nbd5 24. dxc5 Bxc5 25.
Ne4 Be7 26. Nxf6+ Nxf6 27. Bg5 a3 28. bxa3 Qxa3 29. Qd3 Rfd8 30. Qc2 h6 31. Bh4 Rac8 32. Rxd8+ Rxd8 33. c4 g6 34. Bg3 Qc5 35. Rc1 Nh5 36.
Bh2 Bg5 37. Rf1 Rd2 38. Qb3 Bf6 39. Qb8+ Kh7 40. Qb7 Qe7 41. Qf3 Ng7 42. c5 Bd4 43. Bd6 Qa7 44. Qf4 Nf5 45. Qxd2 1-0